 Dungeon Crawl Stone Soup version 0.29-a0-40-g8eb35efe60 (webtiles) character file.

Game seed: 8263230388145298357

133 enile the Charlatan (level 5, 0/42 HPs)
             Began as a Formicid Wanderer on Feb 2, 2022.
             Was a Believer of Elyvilon.
             Slain by a phantom (4 damage)
             ... on level 3 of the Dungeon.
             The game lasted 00:06:55 (4674 turns).

enile the Charlatan (Formicid Wanderer)             Turns: 4674, Time: 00:06:57

Health: 0/42       AC:  3    Str: 16 (17) XL:     5   Next: 39%
Magic:  6/6        EV: 11    Int: 10 (11) God:    Elyvilon [**....]
Gold:   207        SH:  0    Dex:  9 (12) Spells: 4/6 levels left

rFire   . . .      SeeInvis +   b - +0 war axe (vorpal)
rCold   . . .      Faith    .   (no shield)
rNeg    . . .      Spirit   .   e - +0 leather armour
rPois   .          Reflect  .   (helmet unavailable)
rElec   .          Harm     .   (no cloak)
rCorr   .          Rampage  .   (no gloves)
Will    .....                   (no boots)
Stlth   ++........              (no amulet)
HPRegen 0.14/turn               (no ring)
MPRegen 0.10/turn               (no ring)

@: mighty, brilliant
A: permanent stasis, dig shafts and tunnels, antennae 3, four strong arms
a: Dig, Shaft Self, Renounce Religion, Purification, Heal Other


You were on level 3 of the Dungeon.
You worshipped Elyvilon.
Elyvilon was pleased with you.
You visited 1 branch of the dungeon, and saw 4 of its levels.

You collected 207 gold pieces.

Inventory:

Hand Weapons
 a - a +0 dagger
 b - a +0 vorpal war axe (weapon)
 n - a +2 short sword of draining
Armour
 e - a +0 leather armour (worn)
 o - a +0 scale mail
Scrolls
 g - 2 scrolls of identify {unknown}
 k - 2 scrolls of noise (quivered) {unknown}
 l - 2 scrolls of immolation {unknown}
 r - a scroll of enchant weapon {unknown}
Potions
 h - 3 potions of curing
 q - a potion of brilliance
Miscellaneous
 d - a piece from Xom's chessboard (7/15)


   Skills:
 - Level 4.0 Fighting
 - Level 1.0 Short Blades
 - Level 2.2 Armour
 + Level 2.4 Stealth
 - Level 1.1 Spellcasting
 - Level 1.1 Transmutations
 - Level 3.0 Poison Magic
 - Level 4.3 Evocations


You had 4 spell levels left.
You knew the following spells:

 Your Spells              Type           Power      Damage    Failure   Level
a - Sting                 Tmut/Pois      28%        1d4       19%         1
b - Slow                  Hex            0%         N/A       38%         1

Your spell library contained the following spells:

 Spells                   Type           Power      Damage    Failure   Level
 Ignite Poison            Fire/Tmut/Pois 5%         N/A       56%         3
 Confusing Touch          Hex            0%         N/A       77%         3
 Tukima's Dance           Hex            0%         N/A       77%         3
 Vampiric Draining        Necr           0%         2d6       77%         3
 Anguish                  Hex/Necr       0%         N/A       99%         4
 Enfeeble                 Hex            0%         N/A       100%        7


Dungeon Overview and Level Annotations

Branches:
Dungeon (4/15)
 Temple: D:4-7

Altars:
Elyvilon


Innate Abilities, Weirdness & Mutations

You cannot be hasted, slowed, berserked, paralysed or teleported.
You can dig through walls and to a lower floor.
You have a pair of large antennae on your head. (SInv)
Your four strong arms can wield two-handed weapons with a shield.


Message History

The phantom hits you.
* * * LOW HITPOINT WARNING * * *
You closely miss the phantom.
The phantom is heavily damaged.
The phantom hits you.
* * * LOW HITPOINT WARNING * * *
The phantom hits you!
* * * LOW HITPOINT WARNING * * *
It was a potion of might.
You feel very mighty all of a sudden.
The phantom hits you but does no damage.
It was a potion of degeneration.
There was something very wrong with that liquid.
You feel weakened.
You feel dopey.
You feel clumsy. The phantom barely misses you.
It was a potion of brilliance.
You feel clever all of a sudden. The phantom misses you.
You feel better. The phantom misses you.
You barely miss the phantom.
The phantom is heavily damaged.
The phantom hits you! Elyvilon protects you from harm!
You closely miss the phantom.
The phantom is heavily damaged.
The phantom closely misses you. The phantom barely misses you.
You closely miss the phantom.
The phantom is heavily damaged.
The phantom hits you.
* * * LOW HITPOINT WARNING * * *
You slash the phantom!
The phantom is almost destroyed.
The phantom hits you.
* * * LOW HITPOINT WARNING * * *
The phantom hits you. Elyvilon protects you from harm!
You barely miss the phantom.
The phantom is almost destroyed.
The phantom hits you.
You die...

#.....# #.....# #.....#
######### #.....# #........
###########.....# #........
#........##.....### #........
#........##...go..# #........
#.....)..#####W##.# #........
#........# #@.#.# #........
#........# ##.#.# #####.###
#........# #...### #.# #
#........# ##....#######.###
#........#### ##.#............
#...........## #.#..####.#####
#........##..####......##[#####
#####.######.##........##.##..#
#.# #.....######....##..#


You could see a phantom, an orc and a goblin.

Vanquished Creatures
  Terence (D:2)
  4 adders
  An adder skeleton (D:4)
  3 orcs (D:3)
  8 endoplasms
  6 giant cockroaches
  6 goblins
  4 hobgoblins
  A quokka (D:2)
  6 ball pythons
  7 bats
  5 frilled lizards
  5 kobolds
  6 rats
63 creatures vanquished.

Notes
Turn   | Place    | Note
-------+----------+-------------------------------------------
     0 | D:1      | enile the Formicid Wanderer began the quest for the Orb.
     0 | D:1      | enile set off with the following items: a +0 dagger, an
                  | atropa-tipped dart, a datura-tipped dart, a piece from
                  | Xom's chessboard (15/15), a +0 leather armour; and the
                  | following spell memorised: Sting; and the following spells
                  | available to memorise: Ignite Poison
     0 | D:1      | Reached XP level 1. HP: 13/13 MP: 2/2
   179 | D:1      | Reached skill level 1 in Fighting
   202 | D:1      | Reached XP level 2. HP: 21/21 MP: 3/3
   874 | D:1      | Reached XP level 3. HP: 26/28 MP: 4/4
   876 | D:1      | Learned a level 1 spell: Slow
  2086 | D:2      | HP: 1/29 [adder (4)]
  2463 | D:2      | Reached skill level 1 in Poison Magic
  2463 | D:2      | Reached XP level 4. HP: 35/35 MP: 1/5
  2854 | D:2      | Noticed Terence
  2880 | D:2      | Killed Terence
  2881 | D:2      | Reached skill level 1 in Short Blades
  3360 | D:3      | Found a faded altar of an unknown god.
  3374 | D:3      | Prayed at the altar of an unknown god.
  3374 | D:3      | Became a worshipper of Elyvilon the Healer
  3374 | D:3      | Reached * piety under Elyvilon
  3441 | D:3      | Reached XP level 5. HP: 37/42 MP: 0/6
  3739 | D:3      | Reached ** piety under Elyvilon
  4261 | D:4      | Noticed a phantom
  4657 | D:3      | HP: 1/42 [phantom (6)]
  4658 | D:3      | Elyvilon protects you from harm!
  4665 | D:3      | HP: 1/42 [phantom (7)]
  4670 | D:3      | Elyvilon protects you from harm!
  4673 | D:3      | Elyvilon protects you from harm!
  4674 | D:3      | Slain by a phantom

Illustrated notes

Levels and vault maps discovered:
D:1:      zelgadis_glass_arrival_small, layout_basic, minmay_misc_feat_rows
D:2:      layout_loops_corners, kennysheep_generic_room_10, uniq_terence
D:3:      layout_rooms, hellmonk_ecumenical_altar_lost_god
D:4:      minmay_clustersquares, layout_basic,
          lemuel_mausoleum_altar_kikubaaqudgha, serial_shops,
          nicolae_shop_crystal, st_stairs_5

Skill      XL: |  1  2  3  4  5 |
---------------+----------------+-----
Fighting       | 1 2 3 4 |  4.0
Poison Magic   | 1 2 3 |  3.0
Short Blades   | 1 |  1.0
Armour         | |  2.2
Stealth        | |  2.4
Spellcasting   | |  1.1
Transmutations | |  1.1
Evocations     | |  4.3

Action                   |  1- 3 |  4- 6 || total
-------------------------+-------+-------++-------
Melee: Dagger            |   208 |    60 ||   268
       Punch             |     3 |     1 ||     4
       Short sword       |       |     1 ||     1
       War axe           |       |    12 ||    12
Throw: Dart              |       |     2 ||     2
 Cast: Slow              |     5 |     5 ||    10
       Sting             |     3 |    48 ||    51
Evoke: Piece from Xom's  |     1 |    11 ||    12
  Use: Potion            |     1 |     5 ||     6
       Scroll            |       |     2 ||     2
 Stab: Sleeping          |     5 |       ||     5
Armor: Leather armour    |    72 |    31 ||   103
Dodge: Dodged            |   161 |    73 ||   234

Table legend: (Time is in decaauts)
 A = Elapsed time spent in this place.
 B = Non-inter-level travel time spent in this place.
 C = Inter-level travel time spent in this place.
 D = Time resting spent in this place.
 E = Time spent auto-exploring this place.
 F = Levels seen in this place.
 G = Mean time per level.
                   A        B        C        D        E       F      G
               +--------+--------+--------+--------+--------+-----+--------+
         Total |   4677 |   4596 |     81 |    337 |   3566 |   4 | 1169.2 |
       Dungeon |   4677 |   4596 |     81 |    337 |   3566 |   4 | 1169.2 |
               +--------+--------+--------+--------+--------+-----+--------+

Top non-repeatable levels by time:
     D:2: 1650 daAuts
     D:1: 1623 daAuts
     D:3: 1264 daAuts
     D:4: 139 daAuts
